Cogmind - Beta 16.1 @@@ ROGUE MODE // 2026.04.20 @ 01:17:11 Player: obl-vn Result: Self-destructed Performance ------------- Evolutions (1) 500 Regions Visited (5) 1000 Robots Destroyed (61) 305 Value Destroyed (1151) 1151 Prototype IDs (3) 60 Alien Tech Used (0) 0 Bonus (85) 85 TOTAL SCORE: 3101 Bonus ------- Follower Combat Kills 85 Cogmind --------- Core Integrity 361/400 Matter 239/300 Energy 257/265 System Corruption 4% Temperature Cool (0) Movement Treading (160) Location -9/Exiles Parts ------- > --- POWER (1) -------- Improved Ion Engine (fused) > --- PROPULSION (3) --- Light Treads Light Treads Light Treads > --- UTILITY (3) ------ Large Storage Unit Hardened Medium Armor Plating Hardened Medium Armor Plating > --- WEAPON (2) ------- Heavy Assault Rifle Heavy Assault Rifle > --- INVENTORY (15) --- Improved Ion Engine Improved Treads Improved Treads Improved Treads Experimental Sensor Array Hardened Medium Armor Plating Hardened Medium Armor Plating Shield Generator Shield Generator Heavy Assault Rifle Heavy Assault Rifle Heavy Assault Rifle Grenade Launcher Blade Trap Peak State ------------ > --- POWER ------------ Improved Ion Engine > --- PROPULSION ------- Light Treads Light Treads Light Treads > --- UTILITY ---------- Large Storage Unit Hardened Medium Armor Plating Hardened Medium Armor Plating > --- WEAPON ----------- AWS/Thermal > --- INVENTORY -------- Improved Ion Engine Improved Treads Improved Treads Improved Treads Experimental Sensor Array Hardened Medium Armor Plating Hardened Medium Armor Plating Shield Generator Shield Generator Heavy Assault Rifle Heavy Assault Rifle Grenade Launcher Blade Trap [Rating: 31] Favorites ----------- Power Ion Engine Engine Ion Engine Propulsion Light Treads Treads Light Treads Utility Large Storage Unit Device Improved Heat Sink Storage Large Storage Unit Processor Improved Targeting Computer Protection Hardened Medium Armor Plating Weapon Particle Cannon Energy Gun AWS/Thermal Energy Cannon Particle Cannon Ballistic Gun Heavy Assault Rifle Launcher Grenade Launcher Build | -11 -10 -10 -9 -9 -9 ------- Run | Yrd Mat Min Mat Min Exi Slots Evolved 2 | . . . 2 . . Power . | . . . . . . Propulsion 1 | . . . 1 . . Utility 1 | . . . 1 . . Weapon . | . . . . . . Parts Attached 44 | 6 10 . 24 1 3 Power 5 | 1 . . 4 . . Engine 5 | 1 . . 4 . . Core . | . . . . . . Reactor . | . . . . . . Propulsion 11 | 2 2 . 7 . . Treads 11 | 2 2 . 7 . . Leg . | . . . . . . Wheel . | . . . . . . Hover . | . . . . . . Flight . | . . . . . . Utility 10 | 1 3 . 5 1 . Device 4 | . 2 . 1 1 . Storage 2 | 1 1 . . . . Processor 1 | . . . 1 . . Hackware . | . . . . . . Protection 3 | . . . 3 . . Artifact . | . . . . . . Weapon 18 | 2 5 . 8 . 3 Energy Gun 1 | . . . . . 1 Energy Cannon 9 | . 4 . 5 . . Ballistic Gun 6 | 2 . . 2 . 2 Ballistic Cannon . | . . . . . . Launcher 2 | . 1 . 1 . . Special Weapon . | . . . . . . Impact Weapon . | . . . . . . Slashing Weapon . | . . . . . . Piercing Weapon . | . . . . . . Special Melee Weapon . | . . . . . . Unidentified Prototypes 3 | . . . 1 1 1 Parts Lost 1 | . . . 1 . . Power . | . . . . . . Propulsion . | . . . . . . Utility 1 | . . . 1 . . Weapon . | . . . . . . Highest Loss Streak 1 | . . . 1 . . To Critical Strikes . | . . . . . . Average Backups 13 | 2 11 14 14 14 13 Power 1 | . 1 2 1 1 1 Propulsion 2 | . . 3 3 3 3 Utility 2 | . . 1 2 5 5 Weapon 7 | 1 8 8 7 5 4 Tool/Special . | . . . . . . Unused Backups 20 | . 3 . 7 1 9 Power 2 | . . . 1 . 1 Propulsion 2 | . . . . . 2 Utility 6 | . . . 1 1 4 Weapon 10 | . 3 . 5 . 2 Tool/Special . | . . . . . . Average Slot Usage (%) 97 | . 98 100 99 100 81 Engine 12 | . 14 14 11 11 11 Treads 30 | . 28 28 32 33 33 Device 9 | . 12 14 9 1 . Storage 12 | . 14 14 11 11 11 Processor 3 | . . . 9 . . Protection 5 | . . . 1 20 22 Energy Cannon 17 | . 25 27 20 . . Ballistic Gun 5 | . 2 . 1 21 4 Peak Build Rating 31 | 6 12 12 20 25 31 Average Rating 14 | 4 9 11 17 19 15 On Entrance 11 | . 6 12 12 19 19 Avg Prop Armor Cover (%) . | . . . . . . Naked Turns . | . . . . . . Heaviest Build 51 | 13 34 34 51 49 49 Greatest Support 63 | 40 40 40 63 60 60 Greatest Overweight (x) 1 | 1 . . . . . Average Overweight (x) . | . . . . . . Largest Inventory Capacity 15 | 8 15 15 15 15 15 Average Capacity 14 | 6 14 15 15 15 15 Most Carried 15 | 5 15 14 15 15 15 Average Carried 13 | 2 11 14 14 15 14 Final Capacity 15 | 8 15 15 15 15 15 Final Carried 15 | 1 14 14 15 15 14 Class Distribution -------------------- 86% | Mutant 13% | Scavenger-Mutant Dominant Class ---------------- Mutant | -10/Materials Mutant | -10/Mines Mutant | -9/Materials Mutant | -9/Mines Mutant | -9/Exiles Resources | -11 -10 -10 -9 -9 -9 ----------- Run | Yrd Mat Min Mat Min Exi Matter Collected 986 | 260 164 30 328 191 13 Remotely 20 | . 20 . . . . Salvage Created 1840 | . 653 223 852 99 13 Parts 106 | . 42 17 41 6 . Haulers Intercepted 7 | . 2 . 5 . . Recyclers Shooed 2 | . 1 . 1 . . Parts Field Recycled . | . . . . . . Retrieved Matter . | . . . . . . Parts Self-Destructed . | . . . . . . Prevented . | . . . . . . Parts Restored . | . . . . . . Kills | -11 -10 -10 -9 -9 -9 ------- Run | Yrd Mat Min Mat Min Exi Combat Hostiles Destroyed 45 | . 9 10 23 3 . Cannons 29 | . 7 7 15 . . AOE 13 | . 2 2 6 3 . Classes Destroyed 10 | . 6 . 1 3 . Worker 1 | . . . . 1 . Tunneler 1 | . . . . 1 . Hauler 7 | . 2 . 5 . . Recycler 3 | . 3 . . . . Mechanic 1 | . 1 . . . . Watcher 3 | . 2 . 1 . . Swarmer 24 | . 5 6 13 . . Grunt 16 | . 4 4 6 2 . Duelist 1 | . . . . 1 . Sentry 4 | . . . 4 . . Best Kill Streak 8 | . 4 3 8 3 . Combat Bots Only 8 | . 3 3 8 3 . Max Kills in Single Turn 2 | . 1 2 2 1 . Gunslinging . | . . . . . . Exploded 2 | . 1 2 2 1 . Melee . | . . . . . . Uniques/NPCs Destroyed . | . . . . . . Combat | -11 -10 -10 -9 -9 -9 -------- Run | Yrd Mat Min Mat Min Exi Hostile Shots Fired 119 | . 32 28 56 3 . Missed 33 | . 13 4 16 . . Hits 86 | . 19 24 40 3 . Projectile 86 | . 19 24 40 3 . Critical Strikes 3 | . . 2 1 . . Damage Taken 917 | . 207 274 396 40 . Core 154 | . 18 97 39 . . Absorbed by Shields . | . . . . . . Core Remaining (%) 77 | 100 . 54 . . . Volleys Fired 116 | . 34 21 54 6 1 Largest 2 | . 2 2 2 2 2 Hottest 136 | . 136 136 136 53 46 Shots Fired 217 | . 66 37 101 10 3 Gun 19 | . 8 . 2 6 3 Cannon 187 | . 56 36 95 . . Launcher 11 | . 2 1 4 4 . Special . | . . . . . . Kinetic 19 | . 8 . 2 6 3 Thermal 187 | . 56 36 95 . . Explosive 11 | . 2 1 4 4 . Electromagnetic . | . . . . . . Robot Hit Streak 16 | . 7 16 14 11 14 Robot Miss Streak 4 | . 3 1 4 . . Penetration Max . | . . . . . . Secondary Targets . | . . . . . . Shots Hit Robots 135 | . 37 26 62 7 3 Core Hits 66 | . 21 10 27 7 1 Critical Kills 2 | . . . 2 . . Critical Parts Destroyed . | . . . . . . Critical Strikes 2 | . . . 2 . . Meltdown 2 | . . . 2 . . Melee Attacks . | . . . . . . Impact . | . . . . . . Slashing . | . . . . . . Piercing . | . . . . . . Sneak Attacks . | . . . . . . Combat Hostiles . | . . . . . . Follow-up Attacks . | . . . . . . Damage Inflicted 3417 | . 788 647 1643 299 40 Guns 188 | . 52 . 33 63 40 Cannons 2301 | . 593 533 1175 . . Explosions 898 | . 127 110 428 233 . Melee . | . . . . . . Ramming 30 | . 16 4 7 3 . Kinetic 188 | . 52 . 33 63 40 Thermal 2301 | . 593 533 1175 . . Explosive 898 | . 127 110 428 233 . Electromagnetic . | . . . . . . Impact . | . . . . . . Slashing . | . . . . . . Piercing . | . . . . . . Highest Corruption 4 | . . . 4 4 4 Average Corruption 3 | . . . 3 4 4 Corruption Purged . | . . . . . . Corruption Blocked . | . . . . . . Effects 37 | . . . 12 17 8 Message Errors 9 | . . . 4 3 2 Matter Fused 10 | . . . 2 6 2 Heat Flow Errors 3 | . . . 1 2 . Energy Discharges 5 | . . . 1 2 2 Parts Rejected 2 | . . . 2 . . Parts Fused 1 | . . . . 1 . Data Loss (minor) 3 | . . . 1 2 . Data Loss (major) 2 | . . . 1 . 1 Misfires 2 | . . . . 1 1 Overload Shots . | . . . . . . Overflow Damage 63 | . 14 2 47 . . Projectiles 36 | . 2 2 32 . . Explosions 27 | . 12 . 15 . . Melee . | . . . . . . Knockbacks . | . . . . . . Impact . | . . . . . . Kinetic . | . . . . . . Secondary . | . . . . . . Self-Inflicted Damage . | . . . . . . Shots . | . . . . . . Rammed 5 | . 1 2 2 . . Targets Rammed 6 | . 1 2 2 1 . Kicked . | . . . . . . Crushed 1 | . . . . 1 . Highest Temperature 331 | . 207 207 331 212 9 Average Temperature 53 | . 61 75 40 66 4 Received Heat Transfer 303 | . 72 135 75 21 . Siege Activations . | . . . . . . Martial Activations . | . . . . . . Shielding Activations . | . . . . . . Robots Disrupted . | . . . . . . Combat Hostiles . | . . . . . . Robots Corrupted . | . . . . . . Combat Hostiles . | . . . . . . Parts Fried . | . . . . . . Impact Corruptions . | . . . . . . Robots Melted 3 | . . 1 2 . . Combat Hostiles 3 | . . 1 2 . . Parts Melted 12 | . 2 3 7 . . Heat Transferred 4218 | . 1147 962 2109 . . Parts Sabotaged . | . . . . . . Parts Stolen . | . . . . . . Parts Stripped . | . . . . . . Power Chain Reactions . | . . . . . . Alert | -11 -10 -10 -9 -9 -9 ------- Run | Yrd Mat Min Mat Min Exi Maximum Alert Level 1 | . . . 1 . . Low Security (%) 87 | 100 100 100 66 100 . Level 1 12 | . . . 33 . . Level 2 . | . . . . . . Level 3 . | . . . . . . Level 4 . | . . . . . . Level 5 . | . . . . . . High Security . | . . . . . . Max Security . | . . . . . . Peak Influence 267 | . 64 83 267 132 . Initial 85 | . . 9 . 85 . Average 59 | . 17 19 114 50 . Influence Increases 1461 | . 289 244 724 204 . Destroy 0b10 Robot/C 960 | . 180 200 460 120 . Destroy 0b10 Robot/NC 80 | . 40 . 30 10 . Destroy Leader 220 | . 38 40 122 20 . Allied During Kill 7 | . . . . 7 . Successful Hack 27 | . 4 . 23 . . Destroy Structure 62 | . 12 4 29 17 . Lose Combat Pursuer 105 | . 15 . 60 30 . Influence Decreases 1461 | . 264 269 504 416 8 Entered New Map 159 | . . 16 . 135 8 Time Decay 1292 | . 264 253 494 281 . Lost Part 10 | . . . 10 . . Squads Dispatched 3 | . . . 3 . . Investigation . | . . . . . . Extermination . | . . . . . . Reinforcement 3 | . . . 3 . . Assault . | . . . . . . Garrison . | . . . . . . Intercept . | . . . . . . Searches Triggered . | . . . . . . Construction Impeded 1 | . . . 1 . . Haulers Reinforced . | . . . . . . Active Scanning Responses . | . . . . . . Cargo Convoy Interrupts . | . . . . . . Stealth | -11 -10 -10 -9 -9 -9 --------- Run | Yrd Mat Min Mat Min Exi Distress Signals 4 | . . . 4 . . Communications Jammed . | . . . . . . Distress Signals . | . . . . . . Times Spotted 78 | . 19 10 43 6 . Peak Tracking Total 6 | . 3 3 6 3 . Tactical Retreats 5 | . 1 . 3 1 . Traps | -11 -10 -10 -9 -9 -9 ------- Run | Yrd Mat Min Mat Min Exi Traps Triggered 2 | . . . 2 . . Indirectly . | . . . . . . Trap Hack Attempts . | . . . . . . Triggered . | . . . . . . Disarmed . | . . . . . . Reprogrammed . | . . . . . . Reused . | . . . . . . Traps Extracted . | . . . . . . Installed 1 | . . . . 1 . Triggered . | . . . . . . Most Traps Carried 1 | . . . . 1 1 Machines | -11 -10 -10 -9 -9 -9 ---------- Run | Yrd Mat Min Mat Min Exi Machines Disabled . | . . . . . . Max in Single Turn . | . . . . . . Machines Repaired . | . . . . . . Machines Dismantled . | . . . . . . Machines Sabotaged . | . . . . . . Overloaded Fab Kills . | . . . . . . Hacking | -11 -10 -10 -9 -9 -9 --------- Run | Yrd Mat Min Mat Min Exi Machines Accessed 7 | . 1 . 6 . . Terminals 6 | . 1 . 5 . . Fabricators . | . . . . . . Repair Stations . | . . . . . . Recycling Units . | . . . . . . Scanalyzers 1 | . . . 1 . . Garrison Access . | . . . . . . Total Hacks 18 | . 3 . 15 . . Successful 9 | . 1 . 8 . . Failed 8 | . 2 . 6 . . Catastrophic 1 | . 1 . . . . Database Lockouts 1 | . . . 1 . . Manual 9 | . . . 8 . 1 Terminals 16 | . 3 . 13 . . Fabricators . | . . . . . . Repair Stations . | . . . . . . Recycling Units . | . . . . . . Scanalyzers 2 | . . . 2 . . Garrison Access . | . . . . . . Terminal Hacks 3 | . 1 . 2 . . Branch Access Points 1 | . . . 1 . . Locate Traps 2 | . 1 . 1 . . Fabricator Hacks . | . . . . . . Repair Station Hacks . | . . . . . . Recycling Unit Hacks . | . . . . . . Scanalyzer 1 | . . . 1 . . Retrieve Study 1 | . . . 1 . . Garrison Access Hacks . | . . . . . . Unauthorized Hacks 5 | . . . 5 . . Terminals 5 | . . . 5 . . Botnet 1 | . . . 1 . . Skim 4 | . . . 4 . . Fabricators . | . . . . . . Repair Stations . | . . . . . . Recycling Units . | . . . . . . Scanalyzers . | . . . . . . Garrison Access . | . . . . . . Data Cores Recovered . | . . . . . . Used . | . . . . . . Hacking Detections 5 | . 1 . 4 . . Full Trace Events 1 | . . . 1 . . Feedback Events . | . . . . . . Feedback Blocked . | . . . . . . Robot Schematics Acquired . | . . . . . . Robots Built . | . . . . . . Authchips . | . . . . . . Time . | . . . . . . Total Robot Build Rating . | . . . . . . Part Schematics Acquired . | . . . . . . Parts Built . | . . . . . . Authchips . | . . . . . . Time . | . . . . . . Total Part Build Rating . | . . . . . . Part Studies Acquired 1 | . . . 1 . . Parts Repaired . | . . . . . . Time . | . . . . . . Parts Recycled . | . . . . . . Recycled Matter . | . . . . . . Retrieved Matter . | . . . . . . Retrieved Components . | . . . . . . Parts Scanalyzed . | . . . . . . Part Schematics Acquired . | . . . . . . Parts Damaged . | . . . . . . Bothacking | -11 -10 -10 -9 -9 -9 ------------ Run | Yrd Mat Min Mat Min Exi Used RIF Installer . | . . . . . . Robots Hacked . | . . . . . . Non-combat . | . . . . . . Combat . | . . . . . . Robot Hacks Applied . | . . . . . . Relay Couplers Released . | . . . . . . Fabnet Peak Effective % . | . . . . . . Robots Rewired . | . . . . . . Allies Hacked . | . . . . . . Hacks Repelled . | . . . . . . Allies | -11 -10 -10 -9 -9 -9 -------- Run | Yrd Mat Min Mat Min Exi Total Allies 3 | . . . . 3 . Largest Group 3 | . . . . 3 2 Highest-Rated Group 40 | . . . . 40 24 Highest-Rated Ally 16 | . . . . 16 16 Total Orders . | . . . . . . Ally Attacks 17 | . . . . 17 . Total Damage 224 | . . . . 224 . Kills 3 | . . . . 3 . Allies Corrupted . | . . . . . . Allies Melted . | . . . . . . Intel | -11 -10 -10 -9 -9 -9 ------- Run | Yrd Mat Min Mat Min Exi Active Infowar (turns) 84 | . . . . 84 . Sensors 84 | . . . . 84 . Robot Analysis Total . | . . . . . . Derelict Logs Recovered 2 | . . 1 . 1 . Drone Launches . | . . . . . . Drone Recoveries . | . . . . . . Exploration | -11 -10 -10 -9 -9 -9 ------------- Run | Yrd Mat Min Mat Min Exi Turns Passed 5016 | 64 1090 921 1730 789 422 Spaces Moved 2602 | 47 544 519 819 424 249 Core 23 | 23 . . . . . Treads 2579 | 24 544 519 819 424 249 Legs . | . . . . . . Wheels . | . . . . . . Hover . | . . . . . . Flight . | . . . . . . Fastest Speed 50 | 50 160 160 160 160 160 Average Speed 159 | 112 160 160 160 160 160 Slowest Speed 160 | 160 160 160 160 160 160 Overloaded Moves . | . . . . . . Propulsion Burnouts . | . . . . . . Robots Hopped . | . . . . . . Potential Cave-ins . | . . . . . . Cave-ins Triggered . | . . . . . . Exploration Rate (%) 65 | 4 90 91 70 97 42 Regions Visited 5 Branch Regions 3 Pre-discovered Areas 1 | . . 1 . . . Known Exits Taken 1 | . . . 1 . . Unknown Exits Taken 4 | 1 1 1 . 1 . Scrap Searched 3 | . . 2 . 1 . Spaces Dug 4 | . . 4 . . . Terrain Destroyed 77 | . 13 4 32 28 . Melee . | . . . . . . Projectile . | . . . . . . AOE 77 | . 13 4 32 28 . Terrain Rammed . | . . . . . . Walls Destroyed . | . . . . . . Machines Disabled . | . . . . . . Actions | -11 -10 -10 -9 -9 -9 --------- Run | Yrd Mat Min Mat Min Exi Total 3270 | 57 700 571 1146 524 272 Wait 385 | . 80 28 193 84 . Move 2597 | 46 543 518 818 423 249 Hop . | . . . . . . Pick Up 47 | 5 20 . 17 2 3 Fast Attach 12 | 2 . . 9 . 1 Attach 13 | 4 3 . 2 . 4 Detach . | . . . . . . Swap 36 | . 9 2 20 5 . Drop 48 | . 10 . 31 2 5 Fire 116 | . 34 21 54 6 1 Melee . | . . . . . . Ram . | . . . . . . Kick . | . . . . . . Crush 6 | . 1 2 2 1 . Escape Stasis . | . . . . . . Rewire 9 | . . . . . 9 Trap 1 | . . . . 1 . Miscellaneous . | . . . . . . Route ------- -11/Scrapyard -10/Materials (discovered 6 exits: *Mat x3 / [*Min x2] / [*Sub]) -10/Mines (discovered 3 exits: *Mat x2 / [*Sub]) -9/Materials (discovered 3 exits: [*Mat x2] / *Min) -9/Mines (discovered 3 exits: [*Mat x2] / *Exi) -9/Exiles History --------- Turn | Location | Event 7 | -11/Scrapyard | Discovered new exit (range 15) 65 | -11/Scrapyard | Entered Materials 236 | -10/Materials | Discovered new exit (range 15) 251 | -10/Materials | Discovered new exit (range 10) 310 | -10/Materials | Build established: Mutant 378 | -10/Materials | Discovered new exit (range 11) 619 | -10/Materials | Discovered new exit (range 16) 719 | -10/Materials | Discovered new exit (range 8) 907 | -10/Materials | Discovered new exit (range 8) 1155 | -10/Materials | Entered Mines 1368 | -10/Mines | Learned location of Storage (-8) 1592 | -10/Mines | Discovered new exit (range 8) 1621 | -10/Mines | Discovered new exit (range 10) 1705 | -10/Mines | Discovered new exit (range 14) 2076 | -10/Mines | Entered Materials 2076 | -9/Materials | Evolved 2 slots: Propulsion x1, Utility x1 2463 | -9/Materials | Identified exit to Mines 2667 | -9/Materials | Central database locked down 2680 | -9/Materials | Discovered new exit (range 3) 3168 | -9/Materials | Destroyed 8 combat bots 3433 | -9/Materials | Build established: Scavenger-Mutant 3494 | -9/Materials | Discovered new exit (range 15) 3806 | -9/Materials | Entered Mines 3864 | -9/Mines | Deemed a non-threat by the Exiles lab entrance 3864 | -9/Mines | Discovered new exit (range 5) 3954 | -9/Mines | Discovered new exit (range 7) 3984 | -9/Mines | Found a damaged Exp. Sensor Array with a note attached 3988 | -9/Mines | Found Prototype Device 4028 | -9/Mines | Identified Exp. Sensor Array 4087 | -9/Mines | Build established: Mutant 4104 | -9/Mines | Found a hidden stash of uninstalled traps 4121 | -9/Mines | Discovered new exit (range 9) 4164 | -9/Mines | Assisted by bots powering up and referring to "LRC-V3" 4491 | -9/Mines | Learned Materials security intel 4595 | -9/Mines | Entered Exiles 4595 | -9/Exiles | Found Exiles lab destroyed 4595 | -9/Exiles | Accompanied by 2 allies 4833 | -9/Exiles | Opened EX-Vault 4838 | -9/Exiles | Found Prototype Energy Gun 4840 | -9/Exiles | Identified AWS/Thermal 5017 | -9/Exiles | Self-destructed Last Messages --------------- 04824_ Attempting to rewire as-51231. 04824_ as-51231 cannot be rewired. 04825_ Attempting to rewire as-51231. 04825_ as-51231 cannot be rewired. 04828_ as-51231 destroyed. 04831_ Acquired 13 matter. 04833_ Connecting with EX-Vault Access... 04833_ Current location identified: Exiles [Achievement: Luggage Code] 04838_ Dropped Hvy. Assault Rifle+. 04838_ Acquired Prototype Energy Gun. 04839_ Dropped Hvy. Assault Rifle+. 04840_ Identified AWS/Thermal. 04841_ Dropped AWS/Thermal. 04846_ Acquired Hvy. Assault Rifle+. 04883_ System corrupted: Energy discharge (-76). 04903_ System corrupted: Energy discharge (-55). 04973_ System corrupted: Matter fused (-7). 04993_ 22EPQX%Q